 Dungeon Crawl Stone Soup version 0.22.1-1-ga44c0e5 (webtiles) character file.

1875 Anon1729 the Cleaver (level 9, -1/82 HPs)
             Began as a Naga Gladiator on Sept 27, 2018.
             Slain by a hippogriff (8 damage)
             ... on level 6 of the Dungeon.
             The game lasted 00:11:00 (6092 turns).

Anon1729 the Cleaver (Naga Gladiator)               Turns: 6092, Time: 00:11:01

Health: -1/82      AC:  6    Str: 16    XL:     9   Next: 14%
Magic:  9/9        EV: 12    Int: 11    God:
Gold:   369        SH:  0    Dex: 14    Spells: 8/8 levels left

rFire    . . .     SeeInvis +   a - +0 war axe
rCold    . . .     Gourm    .   (no shield)
rNeg     . . .     Faith    .   b - +0 leather armour
rPois    +         Spirit   .   (no helmet)
rElec    .         Reflect  .   h - +0 cloak
rCorr    .         Harm     .   (no gloves)
MR       +....                  (no barding)
Stlth    +.........             e - amulet of magic regeneration
HPRegen  0.23/turn              (no ring)
MPRegen  0.36/turn              (no ring)

@: short of breath, heavily drained, very slow
A: large, stinger 1, repulsion field 1, see invisible, deformed body, poison
resistance, slowness 2, slow metabolism 1, spit poison 2, AC +3
a: Breathe Poison Gas


You were on level 6 of the Dungeon.
You were not hungry.

You visited 1 branch of the dungeon, and saw 7 of its levels.

You collected 369 gold pieces.

Inventory:

Hand Weapons
 a - a +0 war axe (weapon)
 B - the +4 falchion "Kunaclit" {antimagic, Int+2}
   (You found it on level 5 of the Dungeon)

   It reduces the magical energy of the wielder, and disrupts the spells and
   magical abilities of those hit.
   Natural abilities and divine invocations are not affected.
   It affects your intelligence (+2).
Missiles
 d - 4 throwing nets (quivered)
Armour
 b - a +0 leather armour (worn)
 c - a +0 helmet
 h - a +0 cloak (worn)
 A - a +1 ring mail of cold resistance
Jewellery
 e - an amulet of magic regeneration (around neck)
 t - an uncursed amulet of the acrobat {unknown}
 D - an uncursed ring of magical power {unknown}
 E - an uncursed ring of positive energy {unknown}
Scrolls
 g - a scroll of enchant armour {unknown}
 j - 3 scrolls of amnesia {unknown}
 l - 7 scrolls of identify {unknown}
 o - a scroll of fog {unknown}
 p - 2 scrolls of magic mapping {unknown}
 q - 4 scrolls of teleportation {unknown}
 v - 2 scrolls of random uselessness {unknown}
 w - 2 scrolls of remove curse {unknown}
 y - a scroll of noise {unknown}
 z - 4 scrolls of enchant weapon {unknown}
Potions
 i - 2 potions of brilliance {unknown}
 k - a potion of invisibility {unknown}
 m - a potion of agility {unknown}
 n - 2 potions of curing {unknown}
 r - a potion of cancellation {unknown}
 s - a potion of berserk rage {unknown}
 u - 2 potions of heal wounds
 x - 3 potions of lignification {unknown}
Comestibles
 f - 10 rations


   Skills:
 + Level 5.9(4.3) Fighting
 * Level 8.6(6.9) Axes
 - Level 2.0(0.6) Throwing
 + Level 4.5(3.0) Armour
 - Level 3.0(1.6) Dodging


You had 8 spell levels left.
You didn't know any spells.
Your spell library contained the following spells:

 Spells                   Type           Power        Failure   Level  Hunger
 Beastly Appendage        Tmut           #.....       38%         1    ##.....
 Sticks to Snakes         Tmut           #.......     54%         2    ###....
 Spider Form              Tmut/Pois      #.........   77%         3    ####...
 Ice Form                 Ice/Tmut       #.......     99%         4    #####..
 Blade Hands              Tmut           #.........   100%        5    ######.


Dungeon Overview and Level Annotations

Branches:
Dungeon (7/15)
 Temple: D:4-7

Altars:
Cheibriados
Fedhas
Gozag
Hepliaklqana
Ru
Wu Jian
Zin
The Shining One

Annotations:
D:7 Dowan, Duvessa


Innate Abilities, Weirdness & Mutations

You cannot wear boots.
Your serpentine skin is tough. (AC +3)
You have supernaturally acute eyesight. (SInv)
Armour fits poorly on your strangely shaped body.
Your system is resistant to poisons. (rPois)
You cover ground very slowly.
You have a slow metabolism.
You can exhale a cloud of poison.
Your tail ends in a poisonous barb.
You are surrounded by a mild repulsion field. (EV +2)


Message History

Unknown command.
Press: ? - help, Shift-Dir - straight line, f - hippogriff
Aim: a hippogriff (lightly wounded)
You exhale a blast of poison gas.
The poison gas hits the hippogriff.
The hippogriff is poisoned.
The hippogriff is moderately wounded.
You feel somewhat more hungry.
The hippogriff looks even sicker.
The hippogriff bites you!
* * * LOW HITPOINT WARNING * * *
The hippogriff closely misses you.
The hippogriff claws you but does no damage.
Unknown command.
Okay, then.
You slash the hippogriff!
The hippogriff is heavily wounded.
The hippogriff is engulfed in poison gas.
The hippogriff looks even sicker.
The hippogriff bites you.
* * * LOW HITPOINT WARNING * * *
The hippogriff pecks you!
You die...

# #.# ###.#
## #.# ###
#...# .#
#.####.##
#.### .#
#.......#
#§# .#
######.##
#§# .# #.#
#§# .# #.#
#§# .# #.#
#H#
.########.#
#@#
.#........#
#.#
.#.########
#.# .#.#
#.#
.#.########
#.#
.#........#
#.#
....#####.#
#.# .##.#
#.######.#
.##.#
#>.......#


You could see a hippogriff.

Vanquished Creatures
  3 ice beasts
  3 ogres
  A phantom (D:6)
  A centaur (D:5)
  A big kobold (D:5)
  A bullfrog (D:3)
  A scorpion (D:4)
  4 wights (D:7)
  A bullfrog zombie (D:5)
  A centaur zombie (D:7)
  3 orc wizards
  A bullfrog skeleton (D:6)
  2 centaur skeletons
  4 hounds
  3 worker ants
  A howler monkey zombie (D:5)
  11 gnolls
  12 adders
  3 shadow imps
  2 oozes (D:5)
  8 worms
  3 dart slugs
  3 leopard geckos
  12 orcs
  A ball python (D:2)
  3 giant cockroaches
  10 goblins
  12 hobgoblins
  8 jackals
  15 kobolds
  A quokka (D:4)
  6 bats
  8 frilled lizards
  A leopard gecko skeleton (D:4)
  10 rats
160 creatures vanquished.

Notes
Turn   | Place    | Note
-------+----------+-------------------------------------------
     0 | D:1      | Anon1729 the Naga Gladiator began the quest for the Orb.
     0 | D:1      | Reached XP level 1. HP: 19/19 MP: 1/1
    28 | D:1      | Reached XP level 2. HP: 11/26 MP: 2/2
   643 | D:1      | Reached XP level 3. HP: 30/32 MP: 3/3
   874 | D:2      | Found a blossoming altar of Fedhas.
   950 | D:2      | Found a hazy altar of Hepliaklqana.
  1169 | D:2      | Reached skill level 1 in Armour
  1263 | D:2      | Reached XP level 4. HP: 40/40 MP: 4/4
  1642 | D:3      | Noticed a bullfrog
  1652 | D:3      | Killed a bullfrog
  1652 | D:3      | Reached skill level 4 in Axes
  1652 | D:3      | Reached XP level 5. HP: 13/48 MP: 5/5
  2156 | D:3      | Reached XP level 6. HP: 39/56 MP: 6/6
  2504 | D:3      | Gained mutation: You are weak. (Str -2) [potion of
                  | mutation]
  2504 | D:3      | Gained mutation: You are surrounded by a mild repulsion
                  | field. (EV +2) [potion of mutation]
  2504 | D:3      | Gained mutation: Potions are less effective at restoring
                  | your health. [potion of mutation]
  2504 | D:3      | Gained mutation: You have a pair of small horns on your
                  | head. [potion of mutation]
  2507 | D:3      | Lost mutation: Potions are less effective at restoring your
                  | health. [potion of mutation]
  2507 | D:3      | Lost mutation: You are weak. (Str -2) [potion of mutation]
  2507 | D:3      | Lost mutation: You have a pair of small horns on your head.
                  | [potion of mutation]
  2507 | D:3      | Gained mutation: You can exhale a cloud of poison. [potion
                  | of mutation]
  2507 | D:3      | Gained mutation: Your tail ends in a poisonous barb.
                  | [potion of mutation]
  2510 | D:3      | Reached skill level 5 in Axes
  3203 | D:4      | Reached XP level 7. HP: 59/63 MP: 7/7
  3295 | D:4      | Reached skill level 6 in Axes
  3600 | D:4      | Found a glowing silver altar of Zin.
  3646 | D:4      | Found an ornate altar of the Wu Jian Council.
  3906 | D:5      | Entered Level 5 of the Dungeon
  3991 | D:3      | Found an opulent altar of Gozag.
  4033 | D:5      | Got a brightly glowing falchion
  4040 | D:5      | Identified the +4 falchion "Kunaclit" {antimagic, Int+2}
                  | (You found it on level 5 of the Dungeon)
  4108 | D:5      | Reached XP level 8. HP: 30/73 MP: 8/8
  4351 | D:5      | Reached skill level 7 in Axes
  4706 | D:5      | Reached skill level 5 in Fighting
  5342 | D:6      | Found a faded altar of an unknown god.
  5342 | D:6      | Found a sacrificial altar of Ru.
  5345 | D:6      | Reached skill level 8 in Axes
  5351 | D:6      | Found a glowing golden altar of the Shining One.
  5354 | D:6      | Found a blossoming altar of Fedhas.
  5358 | D:6      | Found a snail-covered altar of Cheibriados.
  5590 | D:6      | Reached XP level 9. HP: 72/82 MP: 9/9
  6008 | D:7      | Noticed Dowan
  6085 | D:7      | Noticed Duvessa
  6092 | D:6      | Slain by a hippogriff

Skill      XL: |  1  2  3  4  5  6  7  8 |
---------------+-------------------------+-----
Throwing       | 2 |  2.0
Armour         | 1 2 3 4 |  4.5
Axes           | 4 5 6 8 |  8.6
Dodging        | 3 |  3.0
Fighting       | 3 4 5 |  5.9

Action                   |  1- 3 |  4- 6 |  7- 9 || total
-------------------------+-------+-------+-------++-------
Melee: War axe           |    94 |   182 |   242 ||   518
       Tailslap          |       |     8 |    50 ||    58
 Abil: Spit Poison       |       |     2 |       ||     2
       Breathe Poison Ga |       |     2 |     5 ||     7
  Use: Potion            |       |     4 |       ||     4
 Stab: Distracted        |       |       |     1 ||     1
  Eat: Chunk             |     1 |     4 |    10 ||    15
Armor: Leather armour    |    31 |    68 |    57 ||   156
Dodge: Dodged            |    60 |   125 |   168 ||   353
